 Dungeon Crawl Stone Soup version 0.20.0 (webtiles) character file.

3329 Llamajah the Cleaver (level 10, 0/79 HPs)
             Began as a Formicid Fighter on June 15, 2017.
             Was an Elder of Okawaru.
             Slain by a killer bee (1 damage)
             ... on level 7 of the Dungeon.
             The game lasted 00:22:55 (7424 turns).

Llamajah the Cleaver (Formicid Fighter)             Turns: 7424, Time: 00:22:56

Health: 0/79       AC:  9    Str: 24    XL:     10   Next: 22%
Magic:  10/10      EV: 12    Int:  8    God:    Okawaru [****..]
Gold:   248        SH: 11    Dex: 10    Spells: 9/9 levels left

rFire    + . .     SeeInvis +   j - +0 hand axe (chop)
rCold    . . .     Gourm    .   c - +0 shield
rNeg     . . .     Faith    .   u - +2 ring mail {rF+}
rPois    .         Spirit   .   (helmet unavailable)
rElec    .         Reflect  .   (no cloak)
rCorr    .         Harm     .   (no gloves)
MR       +....                  n - +0 pair of boots
Stlth    ..........             (no amulet)
Regen    0.3/turn               v - ring of flight
MPRegen  0.2/turn               (no ring)

@: lethally poisoned (0 -> -12)
A: permanent stasis, dig shafts and tunnels, four strong arms, antennae 3
a: Dig, Shaft Self, Heroism, Renounce Religion, Evoke Flight


You were on level 7 of the Dungeon.
You worshipped Okawaru.
Okawaru was greatly pleased with you.
You were not hungry.

You visited 1 branch of the dungeon, and saw 7 of its levels.
You also visited: Ossuary.

You collected 248 gold pieces.

Inventory:

Hand Weapons
 a - a +0 war axe
 j - a +0 hand axe of chopping (weapon)
 D - a +0 hand axe of distortion
Armour
 c - a +0 shield (worn)
 n - a +0 pair of boots (worn)
 u - a +2 ring mail of fire resistance (worn)
 w - a +0 plate armour
Jewellery
 v - a ring of flight (left hand)
Wands
 o - a wand of flame (26/48)
Scrolls
 d - a scroll of fear {unknown}
 g - 2 scrolls of recharging {unknown}
 k - 7 scrolls of identify
 r - a scroll of magic mapping
 s - 4 scrolls of remove curse
 y - a scroll of fog {unknown}
 A - a scroll of enchant weapon {unknown}
Potions
 b - a potion of cancellation {unknown}
 e - a potion of resistance
 h - 2 potions of degeneration {unknown}
 i - 2 potions of ambrosia {unknown}
 m - 4 potions of mutation {unknown}
 p - 3 potions of brilliance {unknown}
 t - a potion of curing {unknown}
 x - 3 potions of invisibility {unknown}
 z - 2 potions of lignification {unknown}
Comestibles
 f - 3 bread rations
 l - 2 royal jellies
 q - 2 meat rations
 B - 2 fruits


   Skills:
 + Level 7.1 Fighting
 * Level 8.1 Axes
 + Level 6.6 Armour
 + Level 5.3 Dodging
 + Level 7.6 Shields


You had 9 spell levels left.
You didn't know any spells.

Dungeon Overview and Level Annotations

Branches:
Dungeon (7/15)             Temple (0/1) D:4

Altars:
Elyvilon
Gozag
Hepliaklqana
Makhleb
Okawaru
Qazlal
Sif Muna

Annotations:
D:5 Sigmund


Innate Abilities, Weirdness & Mutations

You cannot be hasted, slowed, berserked, paralysed or teleported.
You can dig through walls and to a lower floor.
Your four strong arms can wield two-handed weapons with a shield.
You have a pair of large antennae on your head. (SInv)


Message History

You hit the killer bee. You miss the killer bee.
You hit the killer bee but do no damage.
You hit the centaur.
* * * LOW HITPOINT WARNING * * *
You feel sick. The killer bee barely misses you. x2
The killer bee stings you but does no damage.
You block the killer bee's attack.
The centaur unwields an uncursed shortbow.
The centaur hits you but does no damage.
The killer bee stings you but does no damage.
You block the killer bee's attack.
Your shield and ring mail prevent you from hitting the killer bee.
You hit the centaur but do no damage. You closely miss the killer bee.
You hit the killer bee. You closely miss the killer bee.
* * * LOW HITPOINT WARNING * * *
You feel sick. You block the killer bee's attack.
The killer bee stings you but does no damage. x3
The centaur hits you but does no damage.
You block the killer bee's attack. The killer bee stings you.
You die...

....########.....#...
.................##'#
..................... ######
..................... #......
..............<...... #......
..................... #......
.....................
#.....##########'####.....####
#.....#..5.yy@y.....#.....#...
#.....#.....yyc.....#.....#...
#.....'.............#.....#...
####.....#####.####....#.....#...
.............#.####....#.....###'
.................#.....#.........
.......(.........#.....#.........
...5.............#.....#.........
......(......_...#.....#.........


You could see a centaur, 5 killer bees and a crimson imp.

Vanquished Creatures
  The ghost of Llamajah the Cleaver, a novice FoFi of Okawaru (D:7)
  The ghost of zilverxoul the Skirmisher, a novice DsGl (D:6)
  Menkaure (D:5)
  The ghost of ultrashaft the Magician, an amateur DEEE (D:3)
  An orc warrior (D:7)
  2 ice beasts (D:6)
  A sky beast (D:7)
  2 ogres (D:4)
  3 bullfrogs
  10 scorpions
  A killer bee (D:7)
  A howler monkey (D:6)
  A crimson imp (D:5)
  2 centaur zombies (Ossuary)
  A bullfrog zombie (D:4)
  A hound (D:3)
  2 bullfrog skeletons
  An orc priest (D:6)
  A centaur skeleton (D:6)
  A human zombie (Ossuary)
  4 orc wizards
  2 worker ants (D:4)
  2 big kobold zombies (Ossuary)
  A hound skeleton (D:6)
  4 mummies
  A worker ant zombie (D:6)
  9 adders
  8 scorpion zombies (Ossuary)
  3 shadow imps
  6 oozes
  An adder zombie (D:4)
  4 worms
  A dart slug (D:1)
  3 leopard geckos
  17 orcs
  A ball python (D:3)
  6 giant cockroaches
  3 gnoll zombies (Ossuary)
  6 goblins
  7 hobgoblins
  8 jackals
  2 quokkas
  4 bats
  7 frilled lizards
  5 goblin zombies (Ossuary)
  A hobgoblin zombie (D:6)
  A jackal skeleton (D:4)
  5 kobolds
  A kobold zombie (Ossuary)
  3 orc zombies
  4 rats
165 creatures vanquished.

Vanquished Creatures (others)
  An orc zombie (Ossuary)
1 creature vanquished.

Grand Total: 166 creatures vanquished

Notes
Turn   | Place    | Note
-------+----------+-------------------------------------------
     0 | D:1      | Llamajah the Formicid Fighter began the quest for the Orb.
     0 | D:1      | Reached XP level 1. HP: 18/18 MP: 1/1
   103 | D:1      | Reached XP level 2. HP: 24/24 MP: 2/2
   466 | D:1      | Reached XP level 3. HP: 29/29 MP: 3/3
   815 | D:2      | Found a white marble altar of Elyvilon.
   985 | D:2      | Reached skill level 1 in Dodging
   994 | D:2      | Reached XP level 4. HP: 35/37 MP: 4/4
  1231 | D:2      | Found a deep blue altar of Sif Muna.
  1280 | D:2      | Found an iron altar of Okawaru.
  1293 | D:2      | Became a worshipper of Warmaster Okawaru
  1416 | D:3      | Noticed ultrashaft's ghost (amateur DEEE)
  1630 | D:3      | Killed ultrashaft's ghost
  1630 | D:3      | Reached skill level 3 in Axes
  1630 | D:3      | Reached XP level 5. HP: 8/42 MP: 5/5
  1878 | D:3      | Found an opulent altar of Gozag.
  1891 | D:3      | Reached XP level 6. HP: 44/48 MP: 6/6
  1923 | D:3      | Found a burning altar of Makhleb.
  1923 | D:3      | Noticed a green death
  2529 | D:3      | Found a faded altar of an unknown god.
  3043 | D:4      | Noticed an ogre
  3054 | D:4      | Killed an ogre
  3054 | D:4      | Reached skill level 4 in Axes
  3054 | D:4      | Reached skill level 5 in Shields
  3054 | D:4      | Reached XP level 7. HP: 27/55 MP: 7/7
  3286 | D:4      | HP: 2/55 [ogre/giant club (12)]
  3287 | D:4      | Reached * piety under Okawaru
  3604 | D:4      | Found a staircase to the Ecumenical Temple.
  3920 | D:4      | Reached XP level 8. HP: 58/61 MP: 8/8
  3967 | D:4      | Reached skill level 5 in Fighting
  4100 | D:4      | Reached skill level 5 in Axes
  4156 | D:5      | Entered Level 5 of the Dungeon
  4188 | D:5      | Noticed Menkaure
  4198 | D:5      | Killed Menkaure
  4198 | D:5      | Reached skill level 5 in Armour
  4340 | D:5      | Found a hazy altar of Hepliaklqana.
  4392 | D:5      | Reached ** piety under Okawaru
  4479 | D:5      | Noticed Sigmund
  4564 | D:6      | Noticed zilverxoul's ghost (novice DsGl)
  4738 | D:6      | Found a sand-covered staircase.
  4821 | Ossuary  | Entered an ossuary
  4883 | Ossuary  | Reached skill level 6 in Axes
  5053 | Ossuary  | Reached XP level 9. HP: 58/69 MP: 9/9
  5507 | Ossuary  | Reached *** piety under Okawaru
  5710 | D:6      | Killed zilverxoul's ghost
  5710 | D:6      | Reached skill level 7 in Axes
  6465 | D:6      | Found an iron altar of Okawaru.
  6995 | D:7      | Noticed Llamajah's ghost (novice FoFi)
  7018 | D:7      | Killed Llamajah's ghost
  7018 | D:7      | Reached **** piety under Okawaru
  7018 | D:7      | Reached skill level 8 in Axes
  7018 | D:7      | Reached skill level 5 in Dodging
  7018 | D:7      | Reached XP level 10. HP: 27/79 MP: 10/10
  7243 | D:7      | Found a stormy altar of Qazlal.
  7423 | D:7      | HP: 3/79 [poisoned by a killer bee]
  7424 | D:7      | HP: 1/79 [poisoned by a killer bee]
  7424 | D:7      | Slain by a killer bee

Skill      XL: |  1  2  3  4  5  6  7  8  9 |
---------------+----------------------------+-----
Shields        | 4 5 6 7 |  7.6
Dodging        | 1 2 3 5 |  5.3
Fighting       | 4 5 7 |  7.1
Axes           | 3 4 6 8 |  8.1
Armour         | 4 5 6 |  6.6

Action                   |  1- 3 |  4- 6 |  7- 9 | 10-12 || total
-------------------------+-------+-------+-------+-------++-------
Melee: War axe           |    90 |   165 |   133 |       ||   388
       Hand axe          |       |       |   332 |    35 ||   367
Invok: Heroism           |       |       |     1 |       ||     1
 Abil: Dig               |       |       |     1 |       ||     1
  Use: Potion            |       |     2 |     4 |       ||     6
       Scroll            |       |       |     8 |       ||     8
  Eat: Chunk             |       |     7 |     8 |       ||    15
       Meat ration       |       |       |     1 |       ||     1
       Fruit             |       |       |       |     2 ||     2
Armor: Scale mail        |    37 |    34 |       |       ||    71
       Ring mail         |       |    27 |    91 |    18 ||   136
Dodge: Dodged            |    41 |    65 |   145 |    22 ||   273
Block: Shield            |    55 |    95 |   210 |    37 ||   397
